 Dungeon Crawl Stone Soup version 0.31-a0-986-g5e6e4ef867 (webtiles) character file.

Game seed: 3918839755231205179

182 Fodor the Covered (level 5, 0/47 HPs)
             Began as a Minotaur Fighter on Nov 9, 2023.
             Was an Initiate of Gozag.
             Slain by Crazy Yiuf
             ... wielding a +3 quarterstaff of chaos
              (6 damage)
             ... on level 4 of the Dungeon.
             The game lasted 00:14:14 (2280 turns).

Fodor the Covered (Minotaur Fighter)                Turns: 2280, Time: 00:14:16

Health: 0/47       AC:  7    Str: 22    XL:     5   Next: 35%
Magic:  2/4        EV: 15    Int:  5    God:    Gozag
Gold:   369        SH:  0    Dex: 10    Spells: 4/4 levels left

rFire   . . .        h - +0 battleaxe
rCold   . . .        (shield currently unavailable)
rNeg    . . .        b - +0 scale mail
rPois   .            (helmet currently unavailable)
rElec   .            (cloak currently unavailable)
rCorr   .            (gloves currently unavailable)
SInv    .            (boots currently unavailable)
Will    .....        (no amulet) Stlth
                     k - +5 ring of evasion
HPRegen 0.27/turn    (no ring)
MPRegen 0.09/turn

%: no passive effects
@: beast-form
A: beast (slay +0), horns 2, retaliatory headbutt
a: Begin Untransformation, Renounce Religion, Potion Petition, Call Merchant,
Bribe Branch


You were on level 4 of the Dungeon.
You worshipped Gozag.
Gozag was aware of your devotion.
You were a hulking beast.
You visited 1 branch of the dungeon, and saw 4 of its levels.

You collected 422 gold pieces.
You paid 53 gold pieces to Gozag.

Inventory:

Hand Weapons
 h - a +0 battleaxe (weapon)
Missiles
 q - 5 atropa-tipped darts
 u - 2 javelins (quivered)
Armour
 b - a +0 scale mail (worn)
 c - a +0 buckler
Jewellery
 k - a +5 ring of evasion (left hand)
Talismans
 n - a beast talisman (active)
Scrolls
 a - a scroll of amnesia {unknown}
 j - a scroll of identify {unknown}
 o - a scroll of poison {unknown}
 p - 3 scrolls of blinking {unknown}
 r - a scroll of vulnerability {unknown}
 t - a scroll of enchant armour {unknown}
 w - a scroll of teleportation {unknown}
Potions
 d - a potion of might
 e - a potion of magic {unknown}
 f - a potion of cancellation {unknown}
 g - a potion of heal wounds
 i - a potion of attraction {unknown}
 l - 2 potions of brilliance {unknown}
 m - a potion of invisibility {unknown}
 s - 2 potions of curing {unknown}
 v - a potion of haste {unknown}


   Skills:
 + Level 4.4 Fighting
 + Level 4.6 Axes
 + Level 4.8 Armour
 + Level 0.4 Dodging
 + Level 0.1 Stealth
 + Level 4.2 Shields
 + Level 0.4 Shapeshifting


You had 4 spell levels left.
You didn't know any spells.
Your spell library contained the following spells:

 Spells                   Type           Power      Damage    Failure   Level
 Lesser Beckoning         Tloc           0%         N/A       89%         2
 Gell's Gravitas          Tloc           0%         N/A       98%         3
 Teleport Other           Tloc           0%         N/A       98%         3


Dungeon Overview and Level Annotations

Branches:
Dungeon (4/15)
 Temple: D:4-7

Altars:
Gozag
Makhleb
Qazlal

Shops:
D:1 (   D:2 **

Annotations:
D:4 Crazy Yiuf


Innate Abilities, Weirdness & Mutations

You are a hulking beast.
Your limbs bulge with bestial killing power. (Slay +0)
You have a pair of horns on your head.
You reflexively headbutt those who attack you in melee.


Message History

There is an open door here.
There is a stone staircase leading up here.
Found a hand axe.
Found a fuming green potion.
Found a stone staircase leading down.
An adder comes into view.
The adder hisses angrily.
You see here a fuming green potion.
You closely miss the adder.
The adder bites you but does no damage. x2
You closely miss the adder. The adder closely misses you.
You closely miss the adder. Your headbutt misses the adder.
The adder misses you. The adder bites you but does no damage.
You slash the adder!
The adder is almost dead.
The adder bites you but does no damage. The adder completely misses you.
You furiously retaliate!
You headbutt the adder!
You kill the adder!
You now have 369 gold pieces (gained 6).
l - 2 fuming green potions (gained 1)
Found a hand axe and a whip.
You see here a +0 whip.
You see here a +0 whip.
Found a hammer.
Found a runed translucent door.
Crazy Yiuf shouts!
You open the door. You closely miss Crazy Yiuf. You headbutt Crazy Yiuf.
Crazy Yiuf is lightly wounded.
Crazy Yiuf hits you with a +3 quarterstaff of chaos!
You feel your power leaking away.
You barely miss Crazy Yiuf.
Crazy Yiuf is lightly wounded.
Crazy Yiuf hits you with a +3 quarterstaff of chaos!
Crazy Yiuf grits, "Nubble noodlescoop sing!"
Crazy Yiuf hits you with a +3 quarterstaff of chaos!
You hit Crazy Yiuf.
Crazy Yiuf is heavily wounded.
Crazy Yiuf hits you with a +3 quarterstaff of chaos!
* * * LOW HITPOINT WARNING * * *
Crazy Yiuf freezes you.
You die...
Your body crumbles into a pile of gold.

.........#
#....#
.###.#####
#....# .#
#.# #....#
# #...##
##.## #.##
##.# #.##
##h# #g#
... #...#
#..)#
#####


You could see Crazy Yiuf.

Vanquished Creatures
  Jessica (D:2)
  Robin (D:4)
  4 gnolls
  2 adders (D:4)
  2 worms
  4 orcs (D:4)
  3 endoplasms
  3 giant cockroaches
  13 hobgoblins
  3 jackals (D:3)
  6 kobolds
  5 quokkas
  9 ball pythons
  9 bats
  2 frilled lizards (D:3)
  6 goblins
  2 rats (D:1)
75 creatures vanquished.

Notes
Turn   | Place    | Note
-------+----------+-------------------------------------------
     0 | D:1      | Fodor the Minotaur Fighter began the quest for the Orb.
     0 | D:1      | Reached XP level 1. HP: 19/19 MP: 0/0
   205 | D:1      | Found Leplaeky's Antique Weapon Emporium.
   211 | D:1      | Reached XP level 2. HP: 27/27 MP: 1/1
   545 | D:1      | Reached XP level 3. HP: 13/33 MP: 2/2
  1172 | D:2      | Found Inatoc Fapp's Assorted Antiques.
  1199 | D:2      | Noticed Jessica
  1207 | D:2      | Killed Jessica
  1275 | D:2      | Reached XP level 4. HP: 35/40 MP: 3/3
  1329 | D:2      | Found Jucisosa's General Store.
  1572 | D:3      | Found an opulent altar of Gozag.
  1587 | D:3      | Became a worshipper of Gozag Ym Sagoz the Greedy
  1967 | D:3      | Found a burning altar of Makhleb.
  1967 | D:3      | Noticed a green death
  2016 | D:4      | Found a stormy altar of Qazlal.
  2040 | D:4      | Noticed Robin
  2062 | D:4      | Reached XP level 5. HP: 47/47 MP: 4/4
  2073 | D:4      | Killed Robin
  2273 | D:4      | Found a runed translucent door.
  2274 | D:4      | Noticed Crazy Yiuf
  2280 | D:4      | Slain by Crazy Yiuf

Illustrated notes

Levels and vault maps discovered:
D:1:      dpeg_arrival_houses_and_road, layout_basic, serial_shops, shop,
          nicolae_grassy_gnolls
D:2:      layout_loops_cross, serial_shops, nicolae_square_shop, shop,
          grunt_decor_cap, chequers_serial_rivers_micro_a, uniq_jessica
D:3:      layout_rooms, makhleb_altar_promises_db, old_standard_altar
D:4:      layout_basic, good_gods_mini_temple, nicolae_qazlal_general_emergency,
          uniq_eustachio, uniq_robin, uniq_blork_the_orc,
          uniq_crazy_yiuf_cottage

Skill      XL: |  1  2  3  4 |
---------------+-------------+-----
Shields        | 4 |  4.2
Armour         | 4 |  4.8
Fighting       | 4 |  4.4
Axes           | 3 4 |  4.6
Dodging        | |  0.4
Stealth        | |  0.1
Shapeshifting  | |  0.4

Action                     |  1- 3 |  4- 6 || total
---------------------------+-------+-------++-------
  Melee: War axe           |    10 |       ||    10
         Battleaxe         |    44 |    70 ||   114
         Headbutt          |     4 |    11 ||    15
    Use: Potion            |       |     1 ||     1
   Stab: Distracted        |       |     1 ||     1
 Armour: Scale mail        |    38 |    39 ||    77
  Dodge: Dodged            |    57 |    66 ||   123
  Block: Buckler           |     4 |       ||     4
   Form: Beast             |     1 |       ||     1

Table legend: (Time is in decaauts)
 A = Elapsed time spent in this place.
 B = Non-inter-level travel time spent in this place.
 C = Inter-level travel time spent in this place.
 D = Time resting spent in this place.
 E = Time spent auto-exploring this place.
 F = Levels seen in this place.
 G = Mean time per level.
                   A        B        C        D        E       F      G
               +--------+--------+--------+--------+--------+-----+--------+
         Total |   2343 |   2274 |     69 |    136 |      0 |   4 |  585.8 |
       Dungeon |   2343 |   2274 |     69 |    136 |      0 |   4 |  585.8 |
               +--------+--------+--------+--------+--------+-----+--------+

Top non-repeatable levels by time:
     D:1: 976 daAuts
     D:2: 591 daAuts
     D:3: 496 daAuts
     D:4: 279 daAuts
